 Dungeon Crawl Stone Soup version 0.32-a0-485-g70f7560b1c (webtiles) character file.

Game seed: 7184489309738248330

9 Esekla the Sneak (level 2, 21/21 HPs)
             Began as an Octopode Delver on Feb 26, 2024.
             Quit the game on level 5 of the Dungeon.
             The game lasted 00:02:10 (77 turns).

Esekla the Sneak (Octopode Delver)                    Turns: 77, Time: 00:02:11

Health: 21/21      AC:  1    Str: 11    XL:     2   Next: 12%
Magic:  2/2        EV: 13    Int: 12    God:
Gold:   29         SH:  0    Dex: 13    Spells: 1/1 levels left

rFire   . . .        a - +0 falchion
rCold   . . .        (no shield)
rNeg    . . .        (helmet restricted)
rPois   .            (no amulet)
rElec   .            (no ring)
rCorr   .            (no ring)
SInv    .            (no ring)
Will    .....        (no ring)
Stlth   ++++         (no ring)
HPRegen 0.23/turn    (no ring)
MPRegen 0.08/turn    (no ring)
                     (no ring)

%: no passive effects
@: no status effects
A: almost no armour, amphibious, 8 rings, camouflage 1, gelatinous body 1,
(nimble swimmer 1), tentacles
a: no special abilities


You were on level 5 of the Dungeon.
You visited 1 branch of the dungeon, and saw 1 of its levels.

You collected 29 gold pieces.

Inventory:

Hand Weapons
 a - a +0 falchion (weapon)
Wands
 f - a wand of digging (3)
Scrolls
 b - a scroll of fog
 d - a scroll of fear
Potions
 e - a potion of haste


   Skills:
 * Level 3.1 Fighting
 + Level 2.0 Long Blades
 * Level 2.1 Dodging
 + Level 6.9 Stealth
 * Level 0.3 Spellcasting


You had one spell level left.
You didn't know any spells.
Your spell library was empty.

Dungeon Overview and Level Annotations

Branches:
Dungeon (5/15)
 Temple: D:4-7

Altars:
Zin

Shops:
D:5 *


Innate Abilities, Weirdness & Mutations

You cannot wear most types of armour.
You are amphibious.
You can wear up to eight rings at the same time.
Your skin changes colour to match your surroundings (Stealth+).
Your rubbery body absorbs attacks. (AC +1, EV +1)
((You are camouflaged when in or above water. (Stealth+)))
You have tentacles for arms and can constrict up to eight enemies at once.


Message History

Welcome, Esekla the Octopode Delver.
If you return without finding the Orb of Zot, so far below, it's all over!
Press ? for a list of commands and other information.
Found a stone staircase leading down.
As you read the scroll of revelation, it crumbles to dust.
You feel aware of your surroundings.
You sensed 1 altar, and 1 shop/portal.
A hound comes into view.
Found a ring mail.
Found 18 gold pieces.
An iguana comes into view.
You see here 18 gold pieces.
You now have 18 gold pieces.
Found a stone staircase leading up.
Found 11 gold pieces.
You now have 29 gold pieces (gained 11).
Found a quarterstaff.
An adder comes into view.
Found 7 stones.
You slash the adder! You grab the adder.
The adder is severely wounded.
You constrict the adder, but do no damage.
The adder completely misses you.
You hit the adder but do no damage. You squeeze the adder.
The adder is almost dead.
You constrict the adder.
You kill the adder!
You have reached level 2!
You see here an adder corpse.
A hound comes into view.
Found a glowing silver altar of Zin.
Found Zin's Purification Station.
There is an entrance to Zin's Purification Station here.
Unknown command.
Are you sure you want to abandon this character and quit the game? (Confirm with "yes".)

,,*,,**,*######........#***<,,,,,
***,,**,* ##.####### *,,,,,,
,+,,,**,* #..#### *,*,,,,
,*,,,**,* ##....# *,***,,
***,,**,* ##.##.## *,* *,,
,,*,,**,* ##..#...#* *,* **,
,,*,,*,,* ##.....#,.# *,* *,
***,,*,** #.....###,#***,* *,
,,,,,*,* #..@.._⌠#,,,,,,****,
,,,,,*,* #.....###,******,,,,
*,****,* ##.....#,,* *,**, *,*
*,* ##..#...,* *,*** *,* *,*
#######.# *,* * *,****,* **,#
*,*** ,,,,,,,* *,,* *,*,,
,,,,,*,* **,** *,*,* ****,*,*
**,,* *,*,*


There were no monsters in sight!

Vanquished Creatures
  An adder (D:5)
1 creature vanquished.

Notes
Turn   | Place    | Note
-------+----------+-------------------------------------------
     0 | D:5      | Esekla the Octopode Delver began the quest for the Orb.
     0 | D:5      | Reached XP level 1. HP: 16/16 MP: 1/1
     0 | D:5      | Noticed a hound
     8 | D:5      | Noticed an iguana
    52 | D:5      | Reached XP level 2. HP: 21/21 MP: 2/2
    69 | D:5      | Found a glowing silver altar of Zin.
    70 | D:5      | Found Zin's Purification Station.
    77 | D:5      | Quit the game

Illustrated notes

Levels and vault maps discovered:
D:5:      corexii_shantytown, layout_loops_ring, zin_purify, minmay_crossroads

Action                     || total
---------------------------++-------
  Melee: Falchion          ||     2
         Constrict         ||     1
         Tentacles         ||     1
    Use: Scroll            ||     1
  Dodge: Dodged            ||     1

Table legend: (Time is in decaauts)
 A = Elapsed time spent in this place.
 B = Non-inter-level travel time spent in this place.
 C = Inter-level travel time spent in this place.
 D = Time resting spent in this place.
 E = Time spent auto-exploring this place.
 F = Levels seen in this place.
 G = Mean time per level.
                   A        B        C        D        E       F      G
               +--------+--------+--------+--------+--------+-----+--------+
         Total |     77 |     77 |      0 |      0 |      0 |   1 |   77.0 |
       Dungeon |     77 |     77 |      0 |      0 |      0 |   1 |   77.0 |
               +--------+--------+--------+--------+--------+-----+--------+

Top non-repeatable levels by time:
     D:5: 77 daAuts
